 Dungeon Crawl Stone Soup version 0.30-a0-738-g116ff8c4af (webtiles) character file.

Game seed: 6931639104468704442

144 voltaire321 the Conjurer (level 5, -3/34 HPs)
             Began as an Octopode Conjurer on Feb 4, 2023.
             Killed from afar by an orc wizard (7 damage)
             ... with a puff of flame
             ... on level 3 of the Dungeon.
             The game lasted 00:05:06 (2464 turns).

voltaire321 the Conjurer (Octopode Conjurer)        Turns: 2464, Time: 00:05:07

Health: -3/34      AC:  1    Str:  7    XL:     5   Next: 27%
Magic:  9/9        EV: 13    Int: 20    God:
Gold:   166        SH:  0    Dex: 12    Spells: 6/9 levels left

rFire   . . .      SeeInvis .    c - +1 short sword (venom)
rCold   . . .      Faith    .    (no shield)
rNeg    . . .      Spirit   .    (helmet restricted)
rPois   .          Reflect  .    (no amulet)
rElec   .          Harm     .    (no ring)
rCorr   .          Rampage  .    (no ring)
Will    .....                    (no ring)
Stlth   +++                      (no ring)
HPRegen 0.25/turn                (no ring)
MPRegen 0.11/turn                (no ring)
                                 (no ring)
                                 (no ring)

@: no status effects
A: almost no armour, amphibious, 8 rings, camouflage 1, gelatinous body 1,
(nimble swimmer 1), tentacles
a: no special abilities


You were on level 3 of the Dungeon.
You visited 1 branch of the dungeon, and saw 3 of its levels.

You collected 166 gold pieces.

Inventory:

Hand Weapons
 c - a +1 short sword of venom (weapon)
Scrolls
 b - a scroll of brand weapon {unknown}
 d - a scroll of fog {unknown}
 f - a scroll of teleportation {unknown}
 i - a scroll of immolation {unknown}
 m - a scroll of enchant weapon {unknown}
Potions
 a - 2 potions of magic
 g - a potion of lignification
 h - a potion of curing
 j - a potion of ambrosia
 k - a potion of cancellation
 l - a potion of flight


   Skills:
 + Level 2.2 Fighting
 + Level 3.0 Dodging
 - Level 2.6 Stealth
 + Level 2.9 Spellcasting
 + Level 4.7 Conjurations


You had 6 spell levels left.
You knew the following spells:

 Your Spells              Type           Power      Damage    Failure   Level
a - Magic Dart            Conj           84%        1d7       1%          1
b - Searing Ray           Conj           42%        2d6       3%          2

Your spell library contained the following spells:

 Spells                   Type           Power      Damage    Failure   Level
 Dazzling Flash           Conj/Hex       24%        N/A       16%         3
 Fulminant Prism          Conj/Hex       6%         3d7       47%         4
 Iskenderun's Mystic Bla  Conj/Tloc      12%        2d5       47%         4


Dungeon Overview and Level Annotations

Branches:
Dungeon (3/15)

Altars:


Innate Abilities, Weirdness & Mutations

You cannot wear most types of armour.
You are amphibious.
You can wear up to eight rings at the same time.
Your skin changes colour to match your surroundings (Stealth+).
Your rubbery body absorbs attacks. (AC +1, EV +1)
((You are camouflaged when in or above water. (Stealth+)))
You have tentacles for arms and can constrict up to eight enemies at once.


Message History

The orc is heavily wounded.
You constrict the orc, but do no damage.
The orc hits you with a +0 club.
You hit the orc.
You kill the orc!
You start resting.
An orc wizard comes into view. It is wielding a +0 dagger.
Aiming: Magic Dart (safe; 1% risk of failure)
Press: ? - help, Q - select action, (/) - cycle Shift-Dir - straight line, f - orc wizard
Aim: an orc wizard, wielding a +0 dagger and wearing a +0 robe (wandering, hasn't noticed you, 100% to hit)
The magic dart hits the orc wizard.
The orc wizard is lightly wounded.
Aiming: Magic Dart (safe; 1% risk of failure)
Press: ? - help, Q - select action, (/) - cycle Shift-Dir - straight line, f/p - orc wizard
Aim: an orc wizard, wielding a +0 dagger and wearing a +0 robe (lightly wounded, 100% to hit)
The magic dart hits the orc wizard.
The orc wizard is moderately wounded.
The orc wizard gestures wildly while chanting.
The orc wizard flickers and vanishes!
Deactivating autopickup; reactivate with Ctrl-A.
A magic dart appears from out of thin air!
The magic dart hits you!
You see here a rat corpse.
Something hits you.
You hit something but do no damage. Your squeeze misses something.
Something barely misses you.
You miss something. Your squeeze misses something. Something hits you.
You miss something. Something hits you but does no damage.
You barely miss something. Something hits you.
You closely miss something. Something hits you.
* * * LOW HITPOINT WARNING * * *
You closely miss something. Something hits you.
* * * LOW HITPOINT WARNING * * *
You miss something. Something hits you.
* * * LOW HITPOINT WARNING * * *
You barely miss something.
You hear some strange, mumbled words.
A puff of flame appears from out of thin air!
The puff of flame hits you!
You die...

...###...........# ......
#.....).#.#
##.###.#.#####.#.#######
#...##.#.###............
..#............#.######
#...####.###...#.##########
##.## #.# ##..............
....# #.#######.##########
##..# #........@.# #
##..####.#######.{#########
.# ....#....# #..†.......#
##.# ......####
##.########.##... ###.#.#
#..# #...#.# ...#.# #.##
#...).# ##..#.# #.# #...#)#
#..#.# #.# #####... #.....
### ..{..


There were no monsters in sight!

Vanquished Creatures
  Terence (D:2)
  Natasha (twice) (D:2)
  An adder (D:2)
  2 worms (D:2)
  2 orcs (D:3)
  6 endoplasms
  A giant cockroach (D:2)
  2 goblins (D:2)
  5 hobgoblins
  8 jackals
  5 kobolds
  2 quokkas (D:1)
  A ball python (D:2)
  5 bats
  3 frilled lizards (D:1)
  7 rats
53 creatures vanquished.

Notes
Turn   | Place    | Note
-------+----------+-------------------------------------------
     0 | D:1      | voltaire321 the Octopode Conjurer began the quest for the
                  | Orb.
     0 | D:1      | Reached XP level 1. HP: 11/11 MP: 3/3
   458 | D:1      | Reached XP level 2. HP: 18/18 MP: 0/5
   735 | D:1      | Learned a level 2 spell: Searing Ray
   821 | D:1      | Reached skill level 1 in Fighting
  1127 | D:1      | Reached XP level 3. HP: 23/23 MP: 6/6
  1499 | D:2      | Noticed Natasha
  1510 | D:2      | Killed Natasha
  1511 | D:2      | Reached XP level 4. HP: 13/28 MP: 7/7
  1714 | D:2      | Noticed Terence
  1721 | D:2      | Killed Terence
  1941 | D:2      | Identified the +1 leather armour of Floral Leaves {Drain
                  | rElec Will- Int+6}
  2049 | D:2      | Noticed Natasha
  2055 | D:2      | Killed Natasha
  2056 | D:2      | Reached XP level 5. HP: 24/34 MP: 9/9
  2464 | D:3      | Killed from afar by an orc wizard

Illustrated notes

Levels and vault maps discovered:
D:1:      dpeg_arrival_ternary, layout_loops_corners
D:2:      layout_basic, minmay_small_reverse_x, uniq_terence, uniq_natasha
D:3:      layout_loops_ring, gammafunk_temple_overflow_forgotten,
          mainiacjoe_overflow_alcove_4

Skill      XL: |  1  2  3  4 |
---------------+-------------+-----
Fighting       | 1 2 |  2.2
Dodging        | 3 |  3.0
Stealth        | |  2.6
Spellcasting   | |  2.9
Conjurations   | |  4.7

Action                     |  1- 3 |  4- 6 || total
---------------------------+-------+-------++-------
  Melee: Short sword       |    45 |    40 ||    85
         Constrict         |     9 |     7 ||    16
         Tentacles         |     9 |    10 ||    19
         Punch             |       |     1 ||     1
   Cast: Magic Dart        |    25 |     5 ||    30
         Searing Ray       |       |     1 ||     1
    Use: Scroll            |       |     5 ||     5
   Stab: Sleeping          |     7 |     1 ||     8
         Distracted        |       |     1 ||     1
 Armour: Skin              |     2 |     2 ||     4
  Dodge: Dodged            |    11 |    13 ||    24

Table legend: (Time is in decaauts)
 A = Elapsed time spent in this place.
 B = Non-inter-level travel time spent in this place.
 C = Inter-level travel time spent in this place.
 D = Time resting spent in this place.
 E = Time spent auto-exploring this place.
 F = Levels seen in this place.
 G = Mean time per level.
                   A        B        C        D        E       F      G
               +--------+--------+--------+--------+--------+-----+--------+
         Total |   2463 |   2247 |    216 |    163 |   1691 |   3 |  821.0 |
       Dungeon |   2463 |   2247 |    216 |    163 |   1691 |   3 |  821.0 |
               +--------+--------+--------+--------+--------+-----+--------+

Top non-repeatable levels by time:
     D:1: 1236 daAuts
     D:2: 1104 daAuts
     D:3: 121 daAuts
